 Dungeon Crawl Stone Soup version 0.19.0-18-g426998a (webtiles) character file.

317 Gargoyl the Agent of Entropy (level 6, -1/70 HPs)
             Began as a Demonspawn Abyssal Knight on Nov 12, 2016.
             Was a Priest of Lugonu.
             Slain by a gnoll (3 damage)
             ... on level 4 of the Dungeon.
             The game lasted 00:06:53 (4518 turns).

Gargoyl the Agent of Entropy (DsAK)                 Turns: 4518, Time: 00:06:54

Health: -1/70      AC: 23    Str: 14    XL:     6   Next: 20%
Magic:  9/9        EV:  2    Int: 19    God:    Lugonu [***...]
Gold:   172        SH:  7    Dex: 12    Spells: 0 memorised, 5 levels left

rFire  . . .     SeeInvis .     a - +1 hand axe
rCold  . . .     Gourm    .     (armour currently unavailable)
rNeg   + + +     Faith    .     f - +0 shield
rPois  +         Spirit   .     (helmet currently unavailable)
rElec  .         Reflect  .     (cloak currently unavailable)
rCorr  .         Harm     .     (gloves currently unavailable)
MR     .....     NoTele   +     (boots currently unavailable)
Stlth  +.........               (no amulet)
                                (no ring)
                                (no ring)

@: brilliant, tree-form
A: (antennae 0), demonic guardian 2
a: Depart the Abyss, Bend Space, Banish, Renounce Religion


You were on level 4 of the Dungeon.
You worshipped Lugonu.
Lugonu was most pleased with you.
You were not hungry.
You were a tree.
You visited 1 branch of the dungeon, and saw 4 of its levels.
You visited the Abyss 1 time.

You collected 172 gold pieces.

Inventory:

Hand Weapons
 a - a +1 hand axe (weapon)
 r - a +0 spear
Missiles
 w - 2 tomahawks (quivered)
Armour
 f - a +0 shield (worn)
 k - a +0 cloak (melded)
 m - a +0 scale mail (melded)
Scrolls
 d - 3 scrolls of identify
 e - 2 scrolls of recharging {unknown}
 g - 2 scrolls of teleportation {unknown}
 l - 2 scrolls of magic mapping {unknown}
 n - 2 scrolls of remove curse {unknown}
 s - a scroll of random uselessness {unknown}
Potions
 b - a potion of cure mutation {unknown}
 i - a potion of brilliance
 j - a potion of magic {unknown}
 o - a potion of degeneration {unknown}
 t - a potion of curing {unknown}
 u - 2 potions of heal wounds {unknown}
 x - a potion of cancellation {unknown}
Books
 v - a book of Minor Magic

   Spells                             Type                      Level
   a - Magic Dart                     Conjuration                  1
   b - Blink                          Translocation                2
   c - Call Imp                       Summoning                    2
   d - Repel Missiles                 Charms/Air                   2
   e - Slow                           Hexes                        2
   f - Conjure Flame                  Conjuration/Fire             3
   g - Mephitic Cloud                 Conjuration/Poison/Air       3
Comestibles
 c - 3 bread rations
 h - a slice of pizza
 p - a meat ration


   Skills:
 + Level 3.6 Fighting
 + Level 3.9 Axes
 * Level 3.3 Armour
 + Level 1.5 Dodging
 + Level 0.8 Shields
 * Level 4.0 Invocations


You had 5 spell levels left.
You didn't know any spells.

Dungeon Overview and Level Annotations

Branches:
Dungeon (4/15)
 Temple: D:4-7

Altars:
Gozag
Vehumet

Annotations:
D:4 exclusion: statue


Innate Abilities, Weirdness & Mutations

((You have a pair of antennae on your head.))
A demonic guardian rushes to your aid.


Message History

You kill the gnoll!
Lugonu accepts your kill. You block the gnoll's attack.
The gnoll throws a throwing net.
The throwing net hits you.
You become entangled in the net!
You struggle against the net.
The gnoll hits you from afar with a spear.
* * * LOW HITPOINT WARNING * * *
You tear a large gash into the net.
The gnoll hits you from afar with a spear.
* * * LOW HITPOINT WARNING * * *
The gnoll hits you.
* * * LOW HITPOINT WARNING * * *
You turn into a tree.
Your +0 cloak melds into your body.
Your +0 scale mail melds into your body.
Your roots penetrate the ground.
The net rips apart!
The gnoll hits you but does no damage. x2
It was a potion of brilliance.
You feel clever all of a sudden. The gnoll hits you but does no damage.
The gnoll hits you.
You die...

.....# ####.# # #
# ## .###.# #
#....#
##########.##
.#####
#......4♣gg.# ##
#.########..#.#
###### #.# #..#.#
.....# #.# #..#.#
####.# #.# #..#.#
#.# ######..#.#
#.# #.......#.#
#.#
#.###.####....###
#.#
#.##.#..........#


You could see 2 gnolls and a friendly ice devil.

Vanquished Creatures
  A hound (D:4)
  An orc wizard (D:3)
  Ijyb (D:3)
  3 adders
  6 gnolls
  An adder skeleton (D:4)
  2 worms (D:3)
  2 dart slugs
  5 leopard geckos
  5 orcs (D:3)
  5 giant cockroaches
  14 goblins
  7 hobgoblins
  10 jackals
  8 kobolds
  4 quokkas
  3 ball pythons
  5 bats
  7 frilled lizards
  3 rats
93 creatures vanquished.

Vanquished Creatures (collateral kills)
  A scorpion (D:4)
1 creature vanquished.

Grand Total: 94 creatures vanquished

Notes
Turn   | Place    | Note
-------+----------+-------------------------------------------
     0 | Abyss:1  | Gargoyl the Demonspawn Abyssal Knight began the quest for the Orb.
     0 | Abyss:1  | Reached XP level 1. HP: 18/18 MP: 2/2
    17 | Abyss:2  | Found a corrupted altar of Lugonu.
    46 | Abyss:3  | Got a slimy trident
    60 | Abyss:3  | Identified the +7 trident of the Sky {antimagic, rC+ rN+} (You found it on level 3 of the Abyss)
    93 | Abyss:3  | Noticed a glowing orange brain
    97 | D:1      | Escaped the Abyss
   436 | D:1      | Gained mutation: A weak demonic guardian rushes to your aid. [demonic ancestry]
   436 | D:1      | Reached XP level 2. HP: 22/24 MP: 3/3
   442 | D:1      | Reached * piety under Lugonu
   671 | D:1      | Reached skill level 1 in Dodging
  1408 | D:1      | Gained mutation: A demonic guardian rushes to your aid. [demonic ancestry]
  1408 | D:1      | Reached XP level 3. HP: 25/29 MP: 5/5
  1683 | D:2      | Reached skill level 3 in Invocations
  2122 | D:2      | Reached ** piety under Lugonu
  2236 | D:2      | Gained mutation: You have a pair of small antennae on your head. [demonic ancestry]
  2236 | D:2      | Reached XP level 4. HP: 31/35 MP: 6/6
  2814 | D:3      | Noticed Ijyb
  2831 | D:3      | Killed Ijyb
  2873 | D:3      | Found an opulent altar of Gozag.
  3086 | D:3      | Reached XP level 5. HP: 41/41 MP: 7/7
  3971 | D:4      | Reached skill level 4 in Invocations
  3986 | D:4      | Reached *** piety under Lugonu
  3986 | D:4      | Gained mutation: You have a pair of antennae on your head. [demonic ancestry]
  3986 | D:4      | Reached XP level 6. HP: 32/47 MP: 9/9
  4172 | D:4      | Found a radiant altar of Vehumet.
  4516 | D:4      | HP: 1/47 [gnoll (2)]
  4518 | D:4      | Slain by a gnoll

Skill      XL: |  1  2  3  4  5 |
---------------+----------------+-----
Axes           | 2 3 |  3.9
Armour         | 2 3 |  3.3
Dodging        | 1 |  1.5
Invocations    | 3 4 |  4.0
Fighting       | |  3.6
Shields        | |  0.8

Action                   |  1- 3 |  4- 6 || total
-------------------------+-------+-------++-------
Melee: Hand axe          |   167 |   230 ||   397
Invok: Depart the Abyss  |     1 |       ||     1
  Use: Potion            |     1 |     2 ||     3
       Scroll            |       |     1 ||     1
 Stab: Distracted        |     1 |       ||     1
  Eat: Chunk             |     4 |     8 ||    12
Armor: Skin              |     9 |     2 ||    11
       Leather armour    |    23 |       ||    23
       Scale mail        |    54 |   108 ||   162
Dodge: Dodged            |   111 |    92 ||   203
Block: Shield            |       |    83 ||    83
